 Dungeon Crawl Stone Soup version 0.28.0 (webtiles) character file.

Game seed: 14436794064750728983

240 Sanktem7 the Covered (level 5, -2/47 HPs)
             Began as a Minotaur Fighter on Feb 9, 2022.
             Slain by a gnoll (5 damage)
             ... on level 4 of the Dungeon.
             The game lasted 00:06:18 (3369 turns).

Sanktem7 the Covered (Minotaur Fighter)             Turns: 3369, Time: 00:06:19

Health: -2/47      AC:  7    Str: 22    XL:     5   Next: 80%
Magic:  4/4        EV:  8    Int:  5    God:
Gold:   118        SH:  8    Dex: 10    Spells: 4/4 levels left

rFire   . . .      SeeInvis .   a - +0 long sword
rCold   . . .      Faith    .   l - +0 kite shield
rNeg    . . .      Spirit   .   b - +0 scale mail
rPois   .          Reflect  .   (helmet restricted)
rElec   .          Harm     .   (no cloak)
rCorr   .          Rampage  .   (no gloves)
Will    .....                   (no boots)
Stlth   ..........              (no amulet)
HPRegen 0.15/turn               (no ring)
MPRegen 0.09/turn               (no ring)

@: no status effects
A: horns 2, retaliatory headbutt
a: no special abilities


You were on level 4 of the Dungeon.
You visited 1 branch of the dungeon, and saw 4 of its levels.

You collected 118 gold pieces.

Inventory:

Hand Weapons
 a - a +0 long sword (weapon)
Armour
 b - a +0 scale mail (worn)
 c - a +0 buckler
 l - a +0 kite shield (worn)
Scrolls
 g - 2 scrolls of fear
 h - a scroll of enchant weapon
 i - a scroll of enchant armour
 k - a scroll of magic mapping
 m - a scroll of noise
 n - a scroll of holy word
Potions
 d - a potion of might
 f - a potion of brilliance {unknown}
 j - 2 potions of heal wounds {unknown}


   Skills:
 * Level 4.8 Fighting
 * Level 5.1 Long Blades
 * Level 5.3 Armour
 + Level 1.1 Dodging
 - Level 3.6 Shields


You had 4 spell levels left.
You didn't know any spells.
Your spell library contained the following spells:

 Spells                   Type           Power      Damage    Failure   Level
 Slow                     Hex            0%         N/A       99%         1
 Confusing Touch          Hex            0%         N/A       100%        3
 Vampiric Draining        Necr           0%         2d6       100%        3


Dungeon Overview and Level Annotations

Branches:
Dungeon (4/15)
 Temple: D:4-7

Altars:


Innate Abilities, Weirdness & Mutations

You have a pair of horns on your head.
You reflexively headbutt those who attack you in melee.


Message History

You hit the gnoll.
The gnoll is moderately wounded.
You block the gnoll's attack.
The gnoll hits you from afar with a +0 halberd!
The gnoll closely misses you.
You barely miss the gnoll.
The gnoll is moderately wounded.
You block the gnoll's attack. The gnoll hits you but does no damage.
You hit the gnoll but do no damage.
The gnoll is moderately wounded.
The gnoll barely misses you. The gnoll hits you with a +0 spear.
The gnoll hits you with a +0 club. The gnoll hits you but does no damage.
You block the gnoll's attack. The gnoll hits you but does no damage.
You block the gnoll's attack.
A ball python comes into view.
Found a stone staircase leading down.
The gnoll hits you from afar with a +0 spear.
The ball python hisses angrily.
The gnoll closely misses you. You block the gnoll's attack.
The gnoll hits you but does no damage. You block the gnoll's attack.
The gnoll hits you but does no damage.
The gnoll hits you from afar with a +0 halberd.
The gnoll hits you but does no damage. You block the gnoll's attack.
You block the gnoll's attack.
You closely miss the ball python. Your headbutt misses the ball python.
The ball python barely misses you. You furiously retaliate!
You headbutt the ball python!
You kill the ball python!
The gnoll barely misses you.
The gnoll hits you from afar with a +0 spear.
* * * LOW HITPOINT WARNING * * *
You slash the kobold!
You kill the kobold!
You block the gnoll's attack. The gnoll hits you but does no damage.
You completely miss the gnoll. Your headbutt misses the gnoll.
The gnoll hits you from afar with a +0 halberd!
* * * LOW HITPOINT WARNING * * *
The gnoll hits you but does no damage. The gnoll hits you with a +0 club.
You die...

..>. ... .. .. ##.##
..#######...#
......#....<#####
.............#.#
#...........gg###
####..(.......g)@.#
#.............g#..#
...............##..#
...........)........#
###..<..............#
#...#...............#
... #.............#..
..
#..............##.. #
##.....>........


You could see 4 gnolls.

Vanquished Creatures
  A hound (D:4)
  An orc wizard (D:3)
  6 adders
  2 gnolls (D:2)
  3 dart slugs
  4 worms
  9 orcs (D:3)
  12 ball pythons
  7 endoplasms
  3 giant cockroaches
  6 goblins
  6 hobgoblins
  3 jackals (D:2)
  4 kobolds
  6 quokkas
  7 bats
  7 rats
87 creatures vanquished.

Vanquished Creatures (others)
  7 plants (D:2)
7 creatures vanquished.

Grand Total: 94 creatures vanquished

Notes
Turn   | Place    | Note
-------+----------+-------------------------------------------
     0 | D:1      | Sanktem7 the Minotaur Fighter began the quest for the Orb.
     0 | D:1      | Reached XP level 1. HP: 19/19 MP: 0/0
   155 | D:1      | Found a faded altar of an unknown god.
   218 | D:1      | Reached XP level 2. HP: 27/27 MP: 1/1
   959 | D:2      | Reached XP level 3. HP: 23/33 MP: 2/2
  1659 | D:2      | Reached XP level 4. HP: 36/41 MP: 3/3
  2193 | D:3      | Reached skill level 1 in Dodging
  2424 | D:3      | Reached XP level 5. HP: 47/47 MP: 4/4
  2791 | D:3      | Reached skill level 5 in Armour
  3346 | D:4      | Reached skill level 5 in Long Blades
  3369 | D:4      | Slain by a gnoll

Illustrated notes

Levels and vault maps discovered:
D:1:      lightli_arrival_maybe_door_vault, layout_basic,
          hellmonk_ecumenical_altar_crossroads
D:2:      wad_woods_tower, layout_rooms, serial_glass, glass_columns_b,
          glass_columns_b, glass_columns_c, glass_columns_a, glass_columns_c,
          glass_columns_a, glass_columns_a, glass_columns_a
D:3:      layout_loops_ring, portal_sewer_entry_e, grunt_decor_junction
D:4:      layout_cave_pools

Skill      XL: |  1  2  3  4  5 |
---------------+----------------+-----
Fighting       | 4 |  4.8
Armour         | 4 5 |  5.3
Long Blades    | 3 4 5 |  5.1
Dodging        | 1 |  1.1
Shields        | |  3.6

Action                   |  1- 3 |  4- 6 || total
-------------------------+-------+-------++-------
Melee: Long sword        |   102 |   117 ||   219
       Headbutt          |    12 |     9 ||    21
  Use: Scroll            |       |     6 ||     6
Armor: Scale mail        |    59 |    63 ||   122
Dodge: Dodged            |    53 |    47 ||   100
Block: Buckler           |    29 |    19 ||    48
       Kite shield       |       |    36 ||    36
